 Dungeon Crawl Stone Soup version 0.27-a0-1456-gf5a116941d (webtiles) character file.

Game seed: 2273903737158026351

11634 MirrMurr the Blocker (level 11, -2/89 HPs)
             Began as a Gnoll Fighter on July 6, 2021.
             Was an Initiate of Okawaru.
             Slain by a vampire (11 damage)
             ... on level 7 of the Dungeon.
             The game lasted 00:19:37 (11432 turns).

MirrMurr the Blocker (Gnoll Fighter)               Turns: 11432, Time: 00:19:38

Health: -2/89      AC: 10    Str: 16    XL:     11   Next: 80%
Magic:  21/21      EV: 10    Int: 11    God:    Okawaru [......]
Gold:   1282       SH:  0    Dex: 11    Spells: 21/23 levels left

rFire    + . .     SeeInvis .   a - +1 trident
rCold    . . .     Faith    .   c - +0 kite shield
rNeg     . . .     Spirit   .   d - +2 scale mail {rF+}
rPois    .         Reflect  .   C - +0 hat
rElec    .         Harm     .   (no cloak)
rCorr    .         Rampage  .   (no gloves)
Will     .....                  (no boots)
Stlth    ..........             (no amulet)
HPRegen  0.24/turn              (no ring)
MPRegen  0.17/turn              (no ring)

@: confused
A: fangs 1, strong nose, distributed training
a: Renounce Religion


You were on level 7 of the Dungeon.
You worshipped Okawaru.
Okawaru was noncommittal.
You visited 2 branches of the dungeon, and saw 9 of its levels.

You collected 1282 gold pieces.

Inventory:

Hand Weapons
 a - a +1 trident (weapon)
 b - a +0 hunting sling
 q - a +2 dagger of protection
 w - a +4 great sword
Missiles
 e - 145 stones
 p - 55 poisoned darts
 s - 6 boomerangs (quivered)
 z - 16 sling bullets
Armour
 c - a +0 kite shield (worn)
 d - a +2 scale mail of fire resistance (worn)
 B - a +2 robe of resistance
 C - a +0 hat (worn)
Magical Staves
 m - a staff of poison
Jewellery
 g - a ring of protection from cold
 j - a +4 ring of evasion
 k - a ring of ice
 A - an amulet of reflection
Wands
 t - a wand of iceblast (7)
 v - a wand of acid (6)
 x - a wand of flame (34)
 D - a wand of paralysis (5)
Scrolls
 i - 4 scrolls of identify
 n - 3 scrolls of fog
 o - 2 scrolls of magic mapping
 r - a scroll of teleportation
 y - a scroll of enchant weapon
Potions
 f - a potion of invisibility
 h - 2 potions of curing
 l - 2 potions of haste
 u - a potion of lignification


   Skills:
 + Level 9.5 Fighting
 + Level 6.8 Short Blades
 + Level 6.8 Long Blades
 + Level 6.8 Axes
 + Level 6.8 Maces & Flails
 + Level 8.3 Polearms
 + Level 6.8 Staves
 + Level 6.8 Slings
 + Level 6.8 Bows
 + Level 6.8 Crossbows
 + Level 6.8 Throwing
 + Level 9.5 Armour
 + Level 6.8 Dodging
 + Level 6.8 Stealth
 + Level 9.5 Shields
 + Level 6.8 Unarmed Combat
 + Level 6.8 Spellcasting
 + Level 5.7 Conjurations
 + Level 5.7 Hexes
 + Level 5.7 Summonings
 + Level 5.7 Necromancy
 + Level 5.7 Translocations
 + Level 5.7 Transmutations
 + Level 5.7 Fire Magic
 + Level 5.7 Ice Magic
 + Level 5.7 Air Magic
 + Level 5.7 Earth Magic
 + Level 5.7 Poison Magic
 + Level 7.5 Invocations
 + Level 6.8 Evocations


You had 21 spell levels left.
You knew the following spells:

 Your Spells              Type           Power      Damage    Failure   Level
P - Passwall              Tmut/Erth      13%        N/A       16%         2

Your spell library contained the following spells:

 Spells                   Type           Power      Damage    Failure   Level
 Magic Dart               Conj           64%        1d6       10%         1
 Call Imp                 Summ           16%        N/A       16%         2
 Sublimation of Blood     Necr           8%         N/A       16%         2
 Wereblood                Tmut           16%        N/A       16%         2
 Call Canine Familiar     Summ           16%        N/A       30%         3
 Conjure Flame            Conj/Fire      16%        6-21      30%         3
 Ignite Poison            Fire/Tmut/Pois 16%        N/A       30%         3
 Mephitic Cloud           Conj/Pois/Air  16%        N/A       30%         3
 Portal Projectile        Hex/Tloc       32%        N/A       30%         3
 Swiftness                Air            16%        N/A       30%         3
 Leda's Liquefaction      Hex/Erth       8%         N/A       69%         4
 Sticky Flame             Conj/Fire      16%        2d4       69%         4
 Invisibility             Hex            8%         N/A       100%        6
 Summon Hydra             Summ           8%         N/A       100%        7


Dungeon Overview and Level Annotations

Branches:
Dungeon (8/15)             Temple (1/1) D:4
   Lair: D:8-11

Altars:
Ashenzari
Dithmenos
Elyvilon
Fedhas
Gozag
Hepliaklqana
Kikubaaqudgha
Makhleb
Nemelex Xobeh
Okawaru
Qazlal
Ru
Sif Muna
Trog
Uskayaw
Vehumet
Wu Jian
Xom
Yredelemnul
Zin
The Shining One

Shops:
D:4 !

Annotations:
D:7 3 runed translucent doors, Froggeryz's ghost, novice OpBe


Innate Abilities, Weirdness & Mutations

You have very sharp teeth.
Your uncanny sense of smell can sniff out nearby items.
Your experience applies equally to all skills.


Message History

You puncture something! Something hits you! Something bites you.
Something draws strength from your injuries!
You hit something. You block something's attack. x2
You hit something. You bite something. Something hits you.
Something bites you but does no damage.
You puncture something! Something draws life force from you!
You puncture something! Something draws life force from you!
You puncture something! Something draws life force from you.
You closely miss something. Something hits you!
* * * LOW HITPOINT WARNING * * *
Something bites you.
* * * LOW HITPOINT WARNING * * *
Something draws strength from your injuries!
You feel better. Something completely misses you. Something bites you.
* * * LOW HITPOINT WARNING * * *
Something draws strength from your injuries!
There are no items here.
Unknown command.
Something hits you!
* * * LOW HITPOINT WARNING * * *
Something bites you but does no damage.
Unknown command.
There is a stone staircase leading up here.
You block something's attack. Something bites you!
* * * LOW HITPOINT WARNING * * *
Something draws strength from your injuries!
You climb upwards.
Level annotation: 3 runed translucent doors, Froggeryz's ghost, novice OpBe Reactivating autopickup.
There is a stone staircase leading down here.
You hear some strange, mumbled words.
Deactivating autopickup; reactivate with Ctrl-A.
Something tries to affect you, but you resist.
You hear some strange, mumbled words.
You are confused.
Unknown command.
You're too confused to move!
You bump into the rock wall.
You bump into the rock wall.
Something hits you!
You die...

#....# #.# #.####
#.# #.# #.# #.# #.#
#.# #.# ##.# #.#
#..# #.# #.##
#.######## #.#
#.>...@..# #.#
########.# #.# #.#
#.# #.# #.# #.# #.#
#.# ..####### #.#
........##########.#
##...)...[.........#


There were no monsters in sight!

Vanquished Creatures
  Joseph (D:7)
  A hornet (D:8)
  A wyvern (D:8)
  2 water moccasins
  An orc warrior (D:6)
  A sky beast (D:7)
  2 ice beasts
  A black bear (D:5)
  A necrophage (D:4)
  2 ogres
  2 centaurs (D:6)
  A phantom (D:7)
  Blork the orc (D:6)
  A kobold brigand (D:6)
  2 bullfrogs
  A gnoll sergeant (D:7)
  A scorpion (D:4)
  A wyvern skeleton (D:7)
  A water moccasin skeleton (D:5)
  5 wights
  A centaur zombie (D:6)
  A howler monkey (D:6)
  A bullfrog zombie (D:6)
  2 orc priests
  A bullfrog skeleton (D:5)
  A centaur skeleton (D:7)
  3 jellies
  2 hounds
  2 iguanas
  4 orc wizards
  7 gnolls
  7 adders
  3 shadow imps
  2 white imps
  An ufetubus (D:4)
  2 worms
  2 dart slugs
  12 orcs
  4 ball pythons
  9 endoplasms
  6 giant cockroaches
  4 goblins
  9 hobgoblins
  10 jackals
  3 quokkas
  8 bats
  2 frilled lizards
  A jackal skeleton (D:4)
  11 kobolds
  5 rats
155 creatures vanquished.

Vanquished Creatures (others)
  A fungus (D:7)
  3 plants (D:7)
4 creatures vanquished.

Grand Total: 159 creatures vanquished

Notes
Turn   | Place    | Note
-------+----------+-------------------------------------------
     0 | D:1      | MirrMurr the Gnoll Fighter began the quest for the Orb.
     0 | D:1      | Reached XP level 1. HP: 23/23 MP: 1/1
   180 | D:1      | Reached XP level 2. HP: 29/29 MP: 2/2
   599 | D:1      | Reached XP level 3. HP: 35/35 MP: 3/3
  1341 | D:2      | Reached skill level 1 in Invocations
  1667 | D:2      | Reached skill level 1 in Short Blades
  1667 | D:2      | Reached skill level 1 in Long Blades
  1667 | D:2      | Reached skill level 1 in Axes
  1667 | D:2      | Reached skill level 1 in Maces & Flails
  1667 | D:2      | Reached skill level 1 in Staves
  1667 | D:2      | Reached skill level 1 in Slings
  1667 | D:2      | Reached skill level 1 in Bows
  1667 | D:2      | Reached skill level 1 in Crossbows
  1667 | D:2      | Reached skill level 1 in Throwing
  1667 | D:2      | Reached skill level 1 in Dodging
  1667 | D:2      | Reached skill level 1 in Stealth
  1667 | D:2      | Reached skill level 1 in Unarmed Combat
  1667 | D:2      | Reached skill level 1 in Spellcasting
  1667 | D:2      | Reached skill level 1 in Evocations
  1864 | D:2      | Reached XP level 4. HP: 33/41 MP: 5/5
  2500 | D:3      | Reached skill level 1 in Conjurations
  2500 | D:3      | Reached skill level 1 in Hexes
  2500 | D:3      | Reached skill level 1 in Summonings
  2500 | D:3      | Reached skill level 1 in Necromancy
  2500 | D:3      | Reached skill level 1 in Translocations
  2500 | D:3      | Reached skill level 1 in Transmutations
  2500 | D:3      | Reached skill level 1 in Fire Magic
  2500 | D:3      | Reached skill level 1 in Ice Magic
  2500 | D:3      | Reached skill level 1 in Air Magic
  2500 | D:3      | Reached skill level 1 in Earth Magic
  2500 | D:3      | Reached skill level 1 in Poison Magic
  2667 | D:3      | Found a stormy altar of Qazlal.
  2851 | D:3      | Found a burning altar of Makhleb.
  2852 | D:3      | Found a glowing golden altar of the Shining One.
  2898 | D:3      | Found a faded altar of an unknown god.
  3062 | D:3      | Reached XP level 5. HP: 19/47 MP: 5/7
  3939 | D:4      | Noticed a necrophage
  3953 | D:4      | Killed a necrophage
  3954 | D:4      | Reached skill level 5 in Polearms
  3954 | D:4      | Reached XP level 6. HP: 51/53 MP: 8/8
  4004 | D:4      | Found a staircase to the Ecumenical Temple.
  4131 | Temple   | Entered the Ecumenical Temple
  4734 | D:4      | Learned a level 2 spell: Passwall
  4812 | D:4      | Reached XP level 7. HP: 58/59 MP: 10/10
  5298 | D:4      | Found Apsopafo's Distillery.
  5802 | D:5      | Entered Level 5 of the Dungeon
  6284 | D:5      | Reached XP level 8. HP: 67/67 MP: 12/12
  6753 | D:5      | Found a shimmering blue altar of Sif Muna.
  6898 | D:6      | Noticed Blork the orc
  6909 | D:6      | Killed Blork the orc
  8088 | D:7      | Reached XP level 9. HP: 72/72 MP: 14/14
  9481 | D:7      | Found an iron altar of Okawaru.
  9487 | D:7      | Became a worshipper of Warmaster Okawaru
  9995 | D:7      | Noticed Joseph
 10017 | D:7      | Killed Joseph
 10257 | D:7      | Paralysed by a gnoll for 7 turns
 10358 | D:7      | Found a runed translucent gate.
 10358 | D:7      | Found a runed translucent gate.
 10358 | D:7      | Found a runed translucent gate.
 10359 | D:7      | Noticed Froggeryz's ghost (novice OpBe)
 10535 | D:7      | Reached skill level 5 in Invocations
 10541 | D:7      | Found an ornate altar of the Wu Jian Council.
 10723 | D:8      | Identified a scroll of acquirement
 10724 | D:8      | Reached skill level 5 in Conjurations
 10724 | D:8      | Reached skill level 5 in Hexes
 10724 | D:8      | Reached skill level 5 in Summonings
 10724 | D:8      | Reached skill level 5 in Necromancy
 10724 | D:8      | Reached skill level 5 in Translocations
 10724 | D:8      | Reached skill level 5 in Transmutations
 10724 | D:8      | Reached skill level 5 in Fire Magic
 10724 | D:8      | Reached skill level 5 in Ice Magic
 10724 | D:8      | Reached skill level 5 in Air Magic
 10724 | D:8      | Reached skill level 5 in Earth Magic
 10724 | D:8      | Reached skill level 5 in Poison Magic
 10724 | D:8      | Reached XP level 10. HP: 83/83 MP: 15/19
 10725 | D:8      | Reached XP level 11. HP: 89/89 MP: 15/21
 10726 | D:8      | Acquired 950 gold pieces
 11432 | D:7      | Slain by a vampire

Illustrated notes

Levels and vault maps discovered:
D:1:      minmay_arrival_pointy, layout_loops_corners, hangedman_decor_riveting
D:2:      layout_loops_corners
D:3:      layout_basic, nicolae_overflow_crystal_walls,
          amethyst_overflow_temple_binary, hellmonk_ecumenical_altar_zigzags
D:4:      layout_layer_cave, minmay_temple_entry_mist, serial_shops,
          kennysheep_mini_moat
D:5:      layout_loops_ring, tgw_sif, kennysheep_generic_room_8
D:6:      layout_loops_ring, uniq_blork_the_orc
D:7:      layout_loops_ring, okawaru_trees_2, marbit_many_paths,
          gammafunk_ghost_nasty_kobolds, uniq_joseph
D:8:      minmay_klotski, layout_gridville, chequers_arboretum
Temple:   eino_wide_crystal_templ

Skill      XL: |  1  2  3  4  5  6  7  8  9 10 |
---------------+-------------------------------+-----
Invocations    | 1 2 3 4 6 7 |  7.5
Short Blades   | 1 2 3 6 |  6.8
Long Blades    | 1 2 3 6 |  6.8
Axes           | 1 2 3 6 |  6.8
Maces & Flails | 1 2 3 6 |  6.8
Staves         | 1 2 3 6 |  6.8
Slings         | 1 2 3 6 |  6.8
Bows           | 1 2 3 6 |  6.8
Crossbows      | 1 2 3 6 |  6.8
Throwing       | 1 2 3 6 |  6.8
Dodging        | 1 2 3 6 |  6.8
Stealth        | 1 2 3 6 |  6.8
Unarmed Combat | 1 2 3 6 |  6.8
Spellcasting   | 1 2 3 6 |  6.8
Evocations     | 1 2 3 6 |  6.8
Conjurations   | 1 2 3 5 |  5.7
Hexes          | 1 2 3 5 |  5.7
Summonings     | 1 2 3 5 |  5.7
Necromancy     | 1 2 3 5 |  5.7
Translocations | 1 2 3 5 |  5.7
Transmutations | 1 2 3 5 |  5.7
Fire Magic     | 1 2 3 5 |  5.7
Ice Magic      | 1 2 3 5 |  5.7
Air Magic      | 1 2 3 5 |  5.7
Earth Magic    | 1 2 3 5 |  5.7
Poison Magic   | 1 2 3 5 |  5.7
Polearms       | 5 6 7 8 |  8.3
Fighting       | 7 9 |  9.5
Armour         | 7 9 |  9.5
Shields        | 7 9 |  9.5

Action                   |  1- 3 |  4- 6 |  7- 9 | 10-12 || total
-------------------------+-------+-------+-------+-------++-------
Melee: Trident           |    90 |   172 |   390 |    38 ||   690
       Bite              |     8 |    14 |    46 |     5 ||    73
       Staff             |    20 |       |       |       ||    20
       Flail             |       |     3 |    19 |       ||    22
 Fire: Hunting sling     |       |       |    53 |    16 ||    69
Throw: Stone             |    18 |    12 |       |       ||    30
       Dart              |       |     3 |     3 |       ||     6
       Boomerang         |       |       |     2 |       ||     2
  Use: Potion            |       |     1 |     2 |     2 ||     5
       Scroll            |       |     5 |     8 |     1 ||    14
 Stab: Invisible         |       |       |     2 |       ||     2
Armor: Scale mail        |    42 |    52 |   120 |    10 ||   224
Dodge: Dodged            |    21 |    36 |   112 |    11 ||   180
Block: Kite shield       |    40 |    73 |   210 |    20 ||   343

Table legend: (Time is in decaauts)
 A = Elapsed time spent in this place.
 B = Non-inter-level travel time spent in this place.
 C = Inter-level travel time spent in this place.
 D = Time resting spent in this place.
 E = Time spent auto-exploring this place.
 F = Levels seen in this place.
 G = Mean time per level.
                   A        B        C        D        E       F      G
               +--------+--------+--------+--------+--------+-----+--------+
         Total |  11563 |  10845 |    718 |    818 |   8307 |   9 | 1284.8 |
       Dungeon |  11509 |  10801 |    708 |    818 |   8263 |   8 | 1438.6 |
        Temple |     54 |     44 |     10 |      0 |     44 |   1 |   54.0 |
               +--------+--------+--------+--------+--------+-----+--------+

Top non-repeatable levels by time:
     D:7: 2050 daAuts
     D:6: 1840 daAuts
     D:4: 1769 daAuts
     D:3: 1587 daAuts
     D:1: 1331 daAuts
     D:2: 1173 daAuts
     D:5: 1091 daAuts
     D:8: 664 daAuts
  Temple: 54 daAuts
